 Dungeon Crawl Stone Soup version 0.19-a0-1891-ge1d1fe8 (webtiles) character file.

156 Minion the Sneak (level 5, 0/39 HPs)
             Began as a Formicid Assassin on Oct 18, 2016.
             Was an Initiate of Yredelemnul.
             Slain by a quasit (2 damage)
             ... while paralysed
             ... on level 14 of the Dungeon.
             The game lasted 00:04:06 (1009 turns).

Minion the Sneak (Formicid Assassin)                Turns: 1009, Time: 00:04:07

Health: 0/39       AC:  3    Str: 16      XL:     5   Next: 64%
Magic:  5/5        EV:  2    Int: 10      God:    Yredelemnul [......]
Gold:   0          SH:  0    Dex:  0 (13) Spells: 0 memorised, 4 levels left

rFire  . . .     SeeInvis +     a - +2 dagger
rCold  . . .     Gourm    .     c - +0 robe
rNeg   . . .     Faith    .     (no shield)
rPois  .         Spirit   .     (helmet unavailable)
rElec  .         Reflect  .     d - +0 cloak
rCorr  .         Harm     .     (no gloves)
MR     .....                    (no boots)
Stlth  ..........               (no amulet)
                                (no ring)
                                (no ring)

@: paralysed, slowed, lost dexterity
A: permanent stasis, dig shafts and tunnels, four strong arms, antennae 3
a: Dig, Shaft Self, Renounce Religion


You were on level 14 of the Dungeon.
You worshipped Yredelemnul.
Yredelemnul was noncommittal.
You were not hungry.

You visited 1 branch of the dungeon, and saw 10 of its levels.

Inventory:

Hand Weapons
 a - a +2 dagger (weapon)
 b - a +0 blowgun
Missiles
 e - 8 poisoned needles
 f - 2 curare-tipped needles
Armour
 c - a +0 robe (worn)
 d - a +0 cloak (worn)


   Skills:
 + Level 2.6 Fighting
 + Level 2.4 Short Blades
 + Level 2.5 Throwing
 + Level 1.1 Dodging
 + Level 7.3 Stealth


You had 4 spell levels left.
You didn't know any spells.

Dungeon Overview and Level Annotations

Branches:
Dungeon (15/15)
 Temple: D:4-7         Lair: D:8-11         Orc: D:9-12      Vaults: D:13-14
 Depths: D:15

Altars:
Yredelemnul

Shops:
D:6 %?


Innate Abilities, Weirdness & Mutations

You are under a permanent stasis effect.
You can dig through walls and to a lower floor.
Your four strong arms can wield two-handed weapons with a shield.
You have a pair of large antennae on your head. (SInv)


Message History

You closely miss the quasit.
The quasit is heavily wounded.
The quasit bites you.
* * * LOW HITPOINT WARNING * * *
The quasit claws you.
* * * LOW HITPOINT WARNING * * *
The quasit claws you but does no damage.
The quasit closely misses you. The quasit claws you.
* * * LOW HITPOINT WARNING * * *
You feel clumsy. The quasit closely misses you.
You hit the quasit but do no damage.
The quasit is heavily wounded.
The quasit closely misses you. The quasit barely misses you.
The quasit claws you.
* * * LOW HITPOINT WARNING * * *
You feel clumsy.
You have lost your dexterity.
The quasit bites you.
You die...
Your body rises from the dead as a mindless zombie.

####
§§#
#§#
#@#
#5#
#§#
#.#
#.#
#..
###


You could see a quasit.

Vanquished Creatures
  2 bullfrogs (D:6)
  A hound (D:4)
  An adder skeleton (D:6)
  An orc (D:6)
  A giant cockroach (D:6)
  A frilled lizard (D:4)
7 creatures vanquished.

Notes
Turn   | Place    | Note
-------+----------+-------------------------------------------
     0 | D:1      | Minion the Formicid Assassin began the quest for the Orb.
     0 | D:1      | Reached XP level 1. HP: 16/16 MP: 1/1
     3 | D:1      | You fall through a shaft!
     6 | D:2      | You fall through a shaft for 2 floors!
     9 | D:4      | Noticed a hound
    28 | D:4      | Killed a hound
    28 | D:4      | Reached skill level 5 in Stealth
    28 | D:4      | Reached XP level 2. HP: 6/23 MP: 2/2
    28 | D:4      | Reached XP level 3. HP: 7/28 MP: 3/3
   275 | D:4      | You fall through a shaft for 2 floors!
   275 | D:6      | Found Uniss's Food Shoppe.
   301 | D:6      | Noticed a bullfrog
   305 | D:6      | Killed a bullfrog
   305 | D:6      | Reached skill level 1 in Dodging
   305 | D:6      | Reached skill level 6 in Stealth
   305 | D:6      | Reached XP level 4. HP: 34/34 MP: 4/4
   307 | D:6      | Found Astrask's Magic Scroll Shop.
   425 | D:6      | Noticed a bullfrog
   443 | D:6      | Killed a bullfrog
   443 | D:6      | Reached skill level 7 in Stealth
   443 | D:6      | Reached XP level 5. HP: 15/39 MP: 5/5
   749 | D:6      | Noticed a centaur
   754 | D:6      | You fall through a shaft!
   777 | D:7      | You fall through a shaft for 2 floors!
   777 | D:9      | Found a basalt altar of Yredelemnul.
   789 | D:9      | Became a worshipper of Yredelemnul the Dark
   792 | D:9      | You fall through a shaft for 3 floors!
   792 | D:12     | Noticed a hungry ghost
   792 | D:12     | Noticed an unseen horror
   801 | D:12     | You fall through a shaft!
   948 | D:13     | You fall through a shaft for 2 floors!
   948 | D:15     | Entered Level 15 of the Dungeon
   960 | D:15     | Noticed a bullfrog
   972 | D:15     | Noticed a water elemental
   974 | D:15     | Noticed a two-headed ogre
  1008 | D:14     | Lost dexterity.
  1009 | D:14     | Slain by a quasit

Vault maps used:
D:1:      sevenhm_arrival_forest_fort_small_6
D:2:      kiku_gazebo_pond_becter, lemuel_crystal_altar, marbit_many_paths
D:4:      old_standard_altar, kennysheep_cluttered_room
D:6:      serial_shops, shop, shop, shop_fountains, shop, uniq_menkaure,
          uniq_blork_the_orc
D:7:      bloody_trog, the_bakery, minmay_ruffians
D:9:      yredelemnul_altar_generic, slow_altar_2, serial_bayou,
          serial_bayou_pond_a, serial_bayou_lake_a, serial_bayou_shore_a,
          serial_bayou_ford_a
D:12:     kennysheep_funnel, hive_lemuel
D:13:     hangedman_vaults_entry_quadrant_bands
D:14:     uniq_josephine
D:15:     grunt_enter_depths_hoard, hangedman_decor_clover_reticule,
          portal_ice_cave_entry_imps, basic_altar

Skill      XL: |  1  2  3  4 |
---------------+-------------+-----
Stealth        | 5 6 7 |  7.3
Dodging        | 1 |  1.1
Fighting       | |  2.6
Short Blades   | |  2.4
Throwing       | |  2.5

Action                   |  1- 3 |  4- 6 || total
-------------------------+-------+-------++-------
Melee: Dagger            |    17 |    45 ||    62
 Abil: Shaft Self        |     3 |     5 ||     8
  Use: Scroll            |       |     3 ||     3
 Stab: Sleeping          |     2 |     3 ||     5
  Eat: Bread ration      |       |     1 ||     1
       Royal jelly       |       |     1 ||     1
Armor: Robe              |     3 |    55 ||    58
Dodge: Dodged            |    11 |    67 ||    78
